 Dungeon Sprint DCSS version 0.19.4-8-ga85b6b9 (webtiles) character file.

6300000 protoss039 the Conqueror (level 27, -11/273 HPs)
             Began as a Ghoul Monk on Feb 13, 2017.
             Was the Champion of Makhleb.
             Mangled by The Servant
             ... wielding a +9 glaive of flaming
              (81 damage)
             ... in the Dungeon (Sprint VIII: "Arena of Blood").
             The game lasted 00:02:00 (63 turns).

protoss039 the Conqueror (Ghoul Monk)                 Turns: 63, Time: 00:02:00

Health: -11/273    AC:  4    Str: 28    XL:     27
Magic:  28/53      EV: 27    Int:  5    God:    Makhleb [******]
Gold:   0          SH:  0    Dex: 11    Spells: 0 memorised, 80 levels left

rFire  . . .     SeeInvis .     j - +∞ Axe of Woe
rCold  + . .     Gourm    .     b - +0 robe
rNeg   + + +     Faith    .     (shield currently unavailable)
rPois  ∞         Spirit   .     (no helmet)
rElec  .         Reflect  .     (no cloak)
rCorr  .         Harm     .     (no gloves)
MR     ++...     NoTele   +     (no boots)
Stlth  +++++++++.               (no amulet)
                                (no ring)
                                (no ring)

@: rotting
A: rotting body, claws 1, carnivore 3, cold resistance 1, negative energy
resistance 3, slow regeneration 1, torment resistance, unbreathing
a: Minor Destruction, Lesser Servant of Makhleb, Major Destruction, Greater
Servant of Makhleb, Renounce Religion


You were in the Dungeon.
You worshipped Makhleb.
Makhleb was exalted by your worship.
You were not hungry.

You visited 1 branch

Inventory:

Hand Weapons
 a - a +0 short sword
 j - the +∞ Axe of Woe (weapon)
   (You found it in the Dungeon)
Armour
 b - a +0 robe (worn)
Scrolls
 i - a scroll of blinking
Potions
 d - a potion of curing
 e - a potion of heal wounds
 f - a potion of haste
 g - 2 potions of magic
 h - a potion of berserk rage
Comestibles
 c - a meat ration


   Skills:
 O Level 27 Fighting
 O Level 27 Short Blades
 O Level 27 Axes
 O Level 27 Throwing
 O Level 27 Armour
 O Level 27 Dodging
 O Level 27 Stealth
 O Level 27 Unarmed Combat
 O Level 27 Spellcasting
 O Level 27 Invocations


You had 80 spell levels left.
You didn't know any spells.

Dungeon Overview and Level Annotations

Branches:
Dungeon (1/1)

Altars:
Makhleb

Annotations:
D The Servant


Innate Abilities, Weirdness & Mutations

Your body is rotting away.
You thrive on raw meat.
You are immune to poison.
You have sharp fingernails.
You are carnivorous and can eat meat at any time.
Your flesh is cold resistant. (rC+)
You are immune to negative energy. (rN+++)
You regenerate slowly when monsters are visible.
You are immune to unholy pain and torment.
You can survive without breathing.


Message History

Something smites you!
* * * LOW HITPOINT WARNING * * *
A meat berserker comes into view. It is wielding a +9 battleaxe.
Unknown command.
Unknown command.
Unknown command.
You cut the bag of meat into ribbons!!!
You dissect the bag of meat like a pig carcass.
You kill the bag of meat!
Makhleb accepts your kill.
You feel better.
You are engulfed in roaring flames.
You hear a shout!
The tyrant gestures wildly while chanting.
The tyrant seems to speed up.
The accursed casts a spell at you. Something smites you!
* * * LOW HITPOINT WARNING * * *
You hear a shout!
The Servant hits you from afar with a +9 glaive of flaming!!!!
You die...

#.....).).........#..
.#..%..)........##...
#.....#....O...#.....
..§...........%#...##
.....##.#..XX...M....
.........W.o....M....
.####....#x@o..####.
......o)§§L...#..
.........@§O...o...
##.......=.§.....##
#################


You could see 2 accurseds, a tyrant, The Servant, 2 large abominations, a dread,
2 meat berserkers, a small abomination and 4 bags of meat.

Vanquished Creatures
  8 vampire knights (D)
  15 ogres (D)
  A lich (D)
  38 orcs (D)
  4 hill giants (D)
  5 skeletal warriors (D)
  3 large abominations (D)
  3 small abominations (D)
  5 crawling corpses (D)
82 creatures vanquished.

Vanquished Creatures (others)
  2 crawling corpses (D)
2 creatures vanquished.

Grand Total: 84 creatures vanquished

Notes
Turn   | Place    | Note
-------+----------+-------------------------------------------
     0 | D        | protoss039 the Ghoul Monk began the quest for the Orb.
     0 | D        | Reached XP level 1. HP: 19/19 MP: 0/0
     2 | D        | Noticed a bag of meat
     4 | D        | Became a worshipper of Makhleb the Destroyer
     4 | D        | Reached * piety under Makhleb
     4 | D        | Reached ** piety under Makhleb
     5 | D        | Noticed a bag of meat
     9 | D        | Killed a bag of meat
     9 | D        | Reached XP level 2. HP: 52/52 MP: 1/1
     9 | D        | Reached XP level 3. HP: 59/59 MP: 2/2
     9 | D        | Reached XP level 4. HP: 68/68 MP: 3/3
     9 | D        | Reached XP level 5. HP: 74/74 MP: 4/4
     9 | D        | Reached XP level 6. HP: 82/82 MP: 5/5
     9 | D        | Reached XP level 7. HP: 89/89 MP: 6/6
     9 | D        | Reached XP level 8. HP: 97/97 MP: 7/7
     9 | D        | Reached XP level 9. HP: 104/104 MP: 8/8
     9 | D        | Reached XP level 10. HP: 112/112 MP: 9/9
     9 | D        | Reached XP level 11. HP: 118/118 MP: 10/10
     9 | D        | Reached XP level 12. HP: 127/127 MP: 11/11
    10 | D        | Noticed a bag of meat
    10 | D        | Noticed a meat berserker
    10 | D        | Killed a bag of meat
    10 | D        | Reached skill level 5 in Axes
    10 | D        | Reached XP level 13. HP: 139/139 MP: 12/12
    11 | D        | Killed a bag of meat
    11 | D        | Reached skill level 10 in Stealth
    11 | D        | Reached XP level 14. HP: 152/152 MP: 13/13
    11 | D        | Noticed a bag of meat
    12 | D        | Killed a meat berserker
    12 | D        | Reached *** piety under Makhleb
    12 | D        | Reached XP level 15. HP: 166/166 MP: 14/14
    13 | D        | Noticed a meat berserker
    13 | D        | Noticed a meat berserker
    14 | D        | Reached skill level 10 in Axes
    15 | D        | Killed a meat berserker
    15 | D        | Reached XP level 16. HP: 182/182 MP: 15/15
    15 | D        | Reached **** piety under Makhleb
    15 | D        | Reached skill level 27 in Fighting
    16 | D        | Killed a meat berserker
    16 | D        | Reached XP level 17. HP: 191/191 MP: 16/16
    17 | D        | Noticed a meat berserker
    19 | D        | Noticed a meat berserker
    19 | D        | Noticed a large bag of meat
    19 | D        | Noticed a destroyer
    19 | D        | Noticed a large bag of meat
    19 | D        | Reached ***** piety under Makhleb
    19 | D        | Reached skill level 15 in Stealth
    19 | D        | Reached XP level 18. HP: 200/200 MP: 17/17
    20 | D        | Killed a meat berserker
    20 | D        | Reached skill level 27 in Short Blades
    20 | D        | Reached skill level 27 in Dodging
    21 | D        | Noticed a destroyer
    22 | D        | Killed a meat berserker
    22 | D        | Reached skill level 27 in Axes
    22 | D        | Reached XP level 19. HP: 207/207 MP: 18/18
    22 | D        | Reached skill level 27 in Stealth
    23 | D        | Noticed a meat berserker
    23 | D        | Noticed a meat berserker
    24 | D        | Killed a destroyer
    24 | D        | Reached skill level 10 in Throwing
    24 | D        | Reached skill level 10 in Armour
    24 | D        | Reached XP level 20. HP: 216/216 MP: 18/32
    24 | D        | Reached skill level 10 in Spellcasting
    24 | D        | Reached ****** piety under Makhleb
    24 | D        | Reached skill level 15 in Unarmed Combat
    24 | D        | Reached skill level 15 in Invocations
    24 | D        | Reached skill level 15 in Throwing
    24 | D        | Reached skill level 15 in Armour
    24 | D        | Reached XP level 21. HP: 224/224 MP: 18/38
    25 | D        | Noticed a meat berserker
    25 | D        | Noticed a meat berserker
    25 | D        | Noticed a destroyer
    26 | D        | Killed a destroyer
    26 | D        | Reached XP level 22. HP: 233/233 MP: 18/43
    27 | D        | Killed a destroyer
    27 | D        | Reached skill level 27 in Unarmed Combat
    27 | D        | Reached skill level 27 in Invocations
    27 | D        | Reached XP level 23. HP: 240/240 MP: 18/48
    29 | D        | Noticed a destroyer
    31 | D        | Noticed The Servant
    32 | D        | Noticed a destroyer
    32 | D        | Reached skill level 27 in Throwing
    32 | D        | Reached skill level 27 in Armour
    32 | D        | Reached XP level 24. HP: 249/249 MP: 20/51
    33 | D        | Reached skill level 27 in Spellcasting
    34 | D        | Killed a destroyer
    34 | D        | Reached XP level 25. HP: 257/257 MP: 20/53
    37 | D        | Killed a destroyer
    37 | D        | Reached XP level 26. HP: 266/266 MP: 21/53
    40 | D        | Noticed a destroyer
    41 | D        | Noticed a destroyer
    41 | D        | Reached XP level 27. HP: 211/273 MP: 22/53
    47 | D        | Noticed a destroyer
    48 | D        | Killed a destroyer
    48 | D        | Killed a destroyer
    50 | D        | Noticed a tyrant
    51 | D        | Noticed an accursed
    53 | D        | Noticed an accursed
    53 | D        | Noticed a tyrant
    57 | D        | Noticed a dread
    58 | D        | Killed a tyrant
    59 | D        | Killed a destroyer
    63 | D        | Mangled by The Servant

Skill      XL: |  1  2  3  4  5  6  7  8  9 10 11 12 13 14 15 16 17 18 19 20 21 22 23 24 |
---------------+-------------------------------------------------------------------------+-----
Fighting       | 17 20 21 24 26 27 | 27.0
Short Blades   | 14 16 18 20 22 24 26 27 | 27.0
Axes           | 3 5 7 9 12 16 18 27 | 27.0
Dodging        | 14 16 18 20 22 24 26 27 | 27.0
Stealth        | 8 9 10 11 12 14 15 21 27 | 27.0
Throwing       | 10 15 19 23 27 | 27.0
Armour         | 10 15 19 23 27 | 27.0
Unarmed Combat | 11 17 22 27 | 27.0
Spellcasting   | 9 14 18 22 25 27 | 27.0
Invocations    | 11 17 22 27 | 27.0

Action                   |  1- 3 |  4- 6 |  7- 9 | 10-12 | 13-15 | 16-18 | 19-21 | 22-24 | 25-27 || total
-------------------------+-------+-------+-------+-------+-------+-------+-------+-------+-------++-------
Melee: Executioner's axe |     1 |       |       |     1 |     4 |     6 |     2 |     5 |    18 ||    37
Dodge: Dodged            |       |       |       |       |       |     1 |     2 |       |     3 ||     6
